 Dungeon Crawl Stone Soup version 0.21.1-1-g345015f (webtiles) character file.

295 Mgcat the Sneak (level 6, -7/32 HPs)
             Began as a Kobold Conjurer on Feb 5, 2018.
             Killed by divine providence
             ... invoked by an orc priest
              (14 damage)
             ... on level 3 of the Dungeon.
             The game lasted 00:08:16 (2909 turns).

Mgcat the Sneak (Kobold Conjurer)                   Turns: 2909, Time: 00:08:17

Health: -7/32      AC:  3    Str:  5    XL:     6   Next: 61%
Magic:  4/11       EV: 17    Int: 19    God:
Gold:   36         SH:  0    Dex: 15    Spells: 7/12 levels left

rFire    . . .     SeeInvis .   m - +2 spear (venom)
rCold    . . .     Gourm    .   (shield restricted)
rNeg     . . .     Faith    .   a - +0 robe
rPois    .         Spirit   .   (no helmet)
rElec    .         Reflect  .   (no cloak)
rCorr    .         Harm     .   (no gloves)
MR       .....                  i - +0 pair of boots
Stlth    +++.......             (no amulet)
HPRegen  0.10/turn              (no ring)
MPRegen  0.12/turn              (no ring)

@: no status effects
A: small, carnivore
a: no special abilities


You were on level 3 of the Dungeon.
You were not hungry.

You visited 1 branch of the dungeon, and saw 3 of its levels.

You collected 36 gold pieces.

Inventory:

Hand Weapons
 e - a +0 hand axe
   (You found it on level 1 of the Dungeon)
 m - a +2 spear of venom (weapon)
   (You took it off a gnoll on level 2 of the Dungeon)
 v - a +1 dagger of venom
   (You took it off a goblin on level 2 of the Dungeon)
Armour
 a - a +0 robe (worn)
 i - a +0 pair of boots (worn)
   (You found it on level 1 of the Dungeon)
Jewellery
 s - an uncursed ring of poison resistance {unknown}
   (You found it on level 2 of the Dungeon)
Scrolls
 d - 6 scrolls of identify {unknown}
 f - a scroll of teleportation {unknown}
 g - a scroll of fear {unknown}
 k - 2 scrolls of remove curse {unknown}
 t - a scroll of magic mapping {unknown}
 u - 2 scrolls of enchant armour {unknown}
 w - a scroll of immolation {unknown}
 x - a scroll of blinking {unknown}
Potions
 h - 2 potions of curing
 j - 2 potions of flight {unknown}
 l - a potion of invisibility {unknown}
 n - a potion of brilliance {unknown}
 o - a potion of cancellation {unknown}
 p - a potion of degeneration {unknown}
 r - 2 potions of heal wounds {unknown}
 z - a potion of berserk rage {unknown}
Books
 b - a book of Conjurations
 q - a book of Air
   (You found it on level 2 of the Dungeon)
Comestibles
 c - 3 rations


   Skills:
 + Level 4.2 Dodging
 + Level 5.2 Stealth
 + Level 3.6 Spellcasting
 + Level 5.1 Conjurations
 + Level 0.3 Translocations


You had 7 spell levels left.
You knew the following spells:

 Your Spells              Type           Power        Failure   Level  Hunger
a - Magic Dart            Conj           ###.         1%          1    None
b - Force Lance           Conj/Tloc      ##......     43%         4    ####...


Dungeon Overview and Level Annotations

Branches:
Dungeon (3/15)

Altars:


Innate Abilities, Weirdness & Mutations

You are small and have problems with some larger weapons.
You are carnivorous and can eat meat at any time.


Message History

Unknown command.
The orc priest looks satisfied for a moment.
The orc closely misses you.
Unknown command.
Casting: Magic Dart
Confirm with . or Enter, or press ? or * to list all spells.
Aiming: Magic Dart
Press: ? - help, Shift-Dir - straight line, f - orc
Aim: an orc, wielding a trident and wearing a ring mail The magic dart hits the orc.
The orc shouts!
Casting: Magic Dart
Confirm with . or Enter, or press ? or * to list all spells.
Aiming: Magic Dart
Press: ? - help, Shift-Dir - straight line, f/p - orc
Aim: an orc, wielding a trident and wearing a ring mail The magic dart hits the orc.
The orc misses you.
A giant cockroach comes into view.
Casting: Magic Dart
Confirm with . or Enter, or press ? or * to list all spells.
Aiming: Magic Dart
Press: ? - help, Shift-Dir - straight line, f/p - orc
Aim: an orc, wielding a trident and wearing a ring mail The magic dart hits the orc wizard.
The orc wizard is moderately wounded.
The orc completely misses you. The orc wizard hits you with a dagger.
Casting: Magic Dart
Confirm with . or Enter, or press ? or * to list all spells.
Aiming: Magic Dart
Press: ? - help, Shift-Dir - straight line, f/p - orc
Aim: an orc, wielding a trident and wearing a ring mail The magic dart hits the orc wizard.
The orc wizard is moderately wounded.
The orc closely misses you.
The giant cockroach waves its antennae.
The orc wizard closely misses you.
Casting: Magic Dart
Confirm with . or Enter, or press ? or * to list all spells.
Aiming: Magic Dart
Press: ? - help, Shift-Dir - straight line, f/p - orc
Aim: an orc, wielding a trident and wearing a ring mail The magic dart hits the orc wizard.
The orc wizard is heavily wounded.
The orc hits you but does no damage.
The orc wizard hits you but does no damage.
You barely miss the orc wizard.
The orc wizard is heavily wounded.
The orc misses you. The orc wizard hits you with a dagger.
You hit the orc wizard.
The orc wizard is poisoned.
The orc wizard is severely wounded.
The orc hits you from afar with a trident.
The orc wizard hits you with a dagger.
You hit the orc wizard but do no damage.
The orc wizard looks as sick as possible!
The orc wizard is severely wounded.
The orc hits you from afar with a trident.
The orc wizard hits you with a dagger.
The orc priest looks satisfied for a moment.
Casting: Magic Dart
Confirm with . or Enter, or press ? or * to list all spells.
Aiming: Magic Dart
Press: ? - help, Shift-Dir - straight line, f/p - orc
Aim: an orc, wielding a trident and wearing a ring mail The magic dart hits the orc wizard.
You kill the orc wizard!
The orc closely misses you. The giant cockroach closely misses you.
Casting: Magic Dart
Confirm with . or Enter, or press ? or * to list all spells.
Aiming: Magic Dart
Press: ? - help, Shift-Dir - straight line, f/p - orc
Aim: an orc, wielding a trident and wearing a ring mail The magic dart hits the giant cockroach.
You kill the giant cockroach!
The orc hits you from afar with a trident!
* * * LOW HITPOINT WARNING * * *
The giant cockroach waves its antennae.
Casting: Magic Dart
Confirm with . or Enter, or press ? or * to list all spells.
Aiming: Magic Dart
Press: ? - help, Shift-Dir - straight line, f/p - orc
Aim: an orc, wielding a trident and wearing a ring mail The magic dart hits the hobgoblin.
You kill the hobgoblin!
Evoke which item? (* to show all) (? for menu, Esc to quit)
That's the wrong kind of item! (Use * to select it.) Evoke which item? (* to show all) (? for menu, Esc to quit)
Okay, then.
Unknown command.
Unknown command.
Evoke which item? (* to show all) (? for menu, Esc to quit)
Attack whom?
Press: ? - help, Dir - move target cursor, f - giant cockroach, p - orc
Aim: a giant cockroach (clinging)
You reach to attack!
You hit the giant cockroach.
The giant cockroach is heavily wounded.
The giant cockroach bites you.
* * * LOW HITPOINT WARNING * * *
The orc priest invokes the aid of Beogh against you.
Beogh smites you!
You die...

$ #. #.. .. ...
.# ## .# .. .#
... ##.#
...#### ####@.#
....... #o.s.##
..)....###)####
.......#o).#
#........###
#........#
.........#
#.......s..
$?%.........#


You could see an orc priest, an orc and a giant cockroach.

Vanquished Creatures
  Sigmund (D:2)
  An orc wizard (D:3)
  3 gnolls (D:2)
  An adder (D:2)
  A worm (D:2)
  3 dart slugs
  2 leopard geckos
  5 giant cockroaches
  5 goblins
  5 hobgoblins
  12 jackals
  7 kobolds
  A ball python (D:2)
  7 bats
  4 frilled lizards
  3 rats
61 creatures vanquished.

Notes
Turn   | Place    | Note
-------+----------+-------------------------------------------
     0 | D:1      | Mgcat the Kobold Conjurer began the quest for the Orb.
     0 | D:1      | Reached XP level 1. HP: 10/10 MP: 3/3
   149 | D:1      | Reached skill level 3 in Stealth
   149 | D:1      | Reached XP level 2. HP: 15/15 MP: 5/5
   733 | D:1      | Reached XP level 3. HP: 13/19 MP: 1/6
  1120 | D:2      | Reached skill level 3 in Dodging
  1369 | D:2      | Reached XP level 4. HP: 23/24 MP: 2/8
  1427 | D:2      | HP: 6/24 [gnoll/spear of venom (6)]
  1432 | D:2      | HP: 2/24 [poisoned by a gnoll]
  1611 | D:2      | HP: 6/24 [poisoned by a gnoll]
  1616 | D:2      | HP: 5/24 [poisoned by a gnoll]
  1623 | D:2      | HP: 3/24 [poisoned by a gnoll]
  1631 | D:2      | HP: 2/24 [poisoned by a gnoll]
  1923 | D:2      | Reached skill level 4 in Stealth
  2331 | D:2      | Reached skill level 3 in Spellcasting
  2421 | D:2      | Noticed Sigmund
  2429 | D:2      | Killed Sigmund
  2429 | D:2      | Reached skill level 4 in Dodging
  2429 | D:2      | Reached skill level 5 in Stealth
  2429 | D:2      | Reached skill level 5 in Conjurations
  2429 | D:2      | Reached XP level 5. HP: 28/28 MP: 0/10
  2429 | D:2      | Reached XP level 6. HP: 32/32 MP: 0/11
  2608 | D:2      | Learned a level 4 spell: Force Lance
  2904 | D:3      | HP: 8/32 [orc/trident (8)]
  2909 | D:3      | Killed from afar by an orc priest

Skill      XL: |  1  2  3  4 |
---------------+-------------+-----
Stealth        | 3 5 |  5.2
Dodging        | 3 4 |  4.2
Spellcasting   | 3 |  3.6
Conjurations   | 5 |  5.1
Translocations | |  0.3

Action                   |  1- 3 |  4- 6 || total
-------------------------+-------+-------++-------
Melee: Hand axe          |    91 |     3 ||    94
       Spear             |       |    71 ||    71
 Cast: Magic Dart        |    23 |    50 ||    73
  Use: Potion            |       |     2 ||     2
 Stab: Sleeping          |     2 |     4 ||     6
       Distracted        |     1 |       ||     1
  Eat: Chunk             |     9 |       ||     9
Armor: Robe              |    19 |    17 ||    36
Dodge: Dodged            |   122 |    72 ||   194

Vault maps used:
D:1:      matt_arrival_diagonals
D:2:      kennysheep_big_flooded_room, uniq_sigmund
D:3:      hangedman_glass_teeth, kennysheep_flooded_box, corner_web_ring

Table legend:
 A = Turns spent in this place as a percentage of turns spent in the entire game.
 B = Non-inter-level travel turns spent in this place as a percentage of non-inter-level travel turns spent in the entire game.
 C = Inter-level travel turns spent in this place as a percentage of turns spent in this place.
 D = Turns resting spent in this place as a percentage of non-inter-level travel turns spent in this place.
 E = Turns spent auto-exploring this place as a percentage of non-inter-level travel turns spent in this place.
 F = Non-inter-level travel turns spent in this place divided by the number of levels of this place that you've seen.
                   A       B       C       D       E      F
               +-------+-------+-------+-------+-------+----------------------
         Total | 100.0 | 100.0 |   1.3 |   0.0 |  80.6 | 957.0
       Dungeon | 100.0 | 100.0 |   1.3 |   0.0 |  80.6 | 957.0
               +-------+-------+-------+-------+-------+----------------------

Table legend:
 A = Kills in this place as a percentage of kills in entire the game.
 B = Kills by you in this place as a percentage of kills by you in the entire game.
 C = Kills by friends in this place as a percentage of kills by friends in the entire game.
 D = Other kills in this place as a percentage of other kills in the entire game.
 E = Experience gained in this place as a percentage of experience gained in the entire game.
 F = Experience gained in this place divided by the number of levels of this place that you have seen.
                   A       B       C       D       E      F
               +-------+-------+-------+-------+-------+----------------------
         Total | 100.0 | 100.0 |   N/A |   N/A | 100.0 | 140.7
       Dungeon | 100.0 | 100.0 |   N/A |   N/A | 100.0 | 140.7
               +-------+-------+-------+-------+-------+----------------------
